 Dungeon Sprint DCSS version 0.26-a0-1033-gd598b01645 (webtiles) character file.

Game seed: 9347914689827547675

1444 mhtbhm the Basher (level 8, -4/89 HPs)
             Began as a Troll Berserker on Dec 10, 2020.
             Was a High Priest of Trog.
             Slain by a centaur warrior (6 damage)
             ... in the Dungeon (Sprint IX: "|||||||||||||||||||||||||||||").
             The game lasted 00:00:46 (360 turns).

mhtbhm the Basher (Troll Berserker)                  Turns: 360, Time: 00:00:46

Health: -4/89      AC:  6    Str: 28    XL:     8   Next: 46%
Magic:  7/7        EV: 13    Int:  3    God:    Trog [*****.]
Gold:   0          SH:  0    Dex:  9    Spells: 7/7 levels left

rFire    . . .     SeeInvis .   a - +2 morningstar (vorpal)
rCold    . . .     Faith    .   (no shield)
rNeg     . . .     Spirit   .   b - +0 animal skin
rPois    .         Reflect  .   (helmet restricted)
rElec    .         Harm     .   (no cloak)
rCorr    .         Rampage  .   (gloves unavailable)
Will     .....     NoTele   +   (boots unavailable)
Stlth    ++........             (no amulet)
HPRegen  0.64/turn              (no ring)
MPRegen  0.10/turn              (no ring)

@: berserk cooldown, slowed, very slow
A: large, unfitting armour, claws 3, regeneration 1, shaggy fur 1, tough skin 3
a: Berserk, Trog's Hand, Brothers in Arms, Renounce Religion


You were in the Dungeon.
You worshipped Trog.
Trog was extremely pleased with you.
You visited 1 branch

Inventory:

Hand Weapons
 a - a +2 vorpal morningstar (weapon)
Armour
 b - a +0 animal skin (worn)
Jewellery
 l - a +3 ring of intelligence
 m - a +2 ring of evasion
Wands
 k - a wand of iceblast (10)
Scrolls
 h - 2 scrolls of blinking
 j - 3 scrolls of remove curse
Potions
 c - 5 potions of curing
 d - 2 potions of heal wounds
 e - a potion of haste
 f - 4 potions of magic
 g - a potion of berserk rage
 i - a potion of invisibility


   Skills:
 + Level 8.4 Fighting
 + Level 11.6 Maces & Flails
 + Level 8.9 Dodging
 + Level 2.2 Stealth


You had 7 spell levels left.
You didn't know any spells.
Your spell library was empty.

Dungeon Overview and Level Annotations

Branches:
Dungeon (1/1)

Altars:
Cheibriados
Dithmenos
Elyvilon
Fedhas
Gozag
Hepliaklqana
Kikubaaqudgha
Makhleb
Nemelex Xobeh
Okawaru
Qazlal
Ru
Sif Muna
Trog
Uskayaw
Vehumet
Wu Jian
Xom
Yredelemnul
Zin
The Shining One
Beogh
Jiyva
Lugonu


Innate Abilities, Weirdness & Mutations

You are too large for most types of armour.
You have claws for hands.
Your natural rate of healing is unusually fast.
You are covered in fur. (AC +1)
You have extremely tough skin. (AC +3)


Message History

The centaur warrior is moderately wounded.
The centaur warrior hits you!
* * * LOW HITPOINT WARNING * * *
The centaur warrior hits you!
* * * LOW HITPOINT WARNING * * *
The centaur warrior closely misses you.
You closely miss the centaur warrior.
The centaur warrior is moderately wounded.
The centaur warrior barely misses you.
The centaur warrior hits you but does no damage.
You hit the centaur warrior.
The centaur warrior is moderately wounded.
The centaur warrior hits you!
* * * LOW HITPOINT WARNING * * *
The centaur warrior hits you.
* * * LOW HITPOINT WARNING * * *
You closely miss the centaur warrior.
The centaur warrior is moderately wounded.
The centaur warrior barely misses you. The centaur warrior hits you.
You die...

▓+▓
▓.▓
▓.▓
▓c▓
▓@▓
▓)▓
▓(▓
▓'▓
▓.▓
▓.▓
▓(▓
▓.▓
▓)▓


You could see a centaur warrior.

Vanquished Creatures
  A cyclops (D)
  A gargoyle (D)
  A shadow (D)
  An ice beast (D)
  2 orc warriors (D)
  2 ogres (D)
  2 hounds (D)
  A quasit (D)
  An orc wizard (D)
  2 worker ants (D)
  An ufetubus (D)
  2 leopard geckos (D)
  An orc (D)
  A bat (D)
  A hobgoblin (D)
  A rat (D)
21 creatures vanquished.

Notes
Turn   | Place    | Note
-------+----------+-------------------------------------------
     0 | D        | mhtbhm the Troll Berserker began the quest for the Orb.
     0 | D        | Reached XP level 1. HP: 22/22 MP: 0/0
     6 | D        | Reached skill level 3 in Maces & Flails
    11 | D        | Reached ** piety under Trog
   119 | D        | Noticed a worker ant
   119 | D        | Noticed an ogre
   119 | D        | Noticed a hound
   119 | D        | Noticed an ogre
   125 | D        | Killed an ogre
   126 | D        | Reached skill level 5 in Maces & Flails
   126 | D        | Reached XP level 2. HP: 16/33 MP: 1/1
   126 | D        | Reached XP level 3. HP: 19/40 MP: 2/2
   126 | D        | Reached XP level 4. HP: 23/49 MP: 3/3
   128 | D        | Reached *** piety under Trog
   129 | D        | Reached skill level 5 in Dodging
   130 | D        | Reached skill level 5 in Fighting
   135 | D        | Killed an ogre
   136 | D        | Reached skill level 6 in Maces & Flails
   136 | D        | Reached XP level 5. HP: 18/59 MP: 4/4
   144 | D        | Reached **** piety under Trog
   145 | D        | Reached skill level 7 in Maces & Flails
   206 | D        | Found a roughly hewn altar of Beogh.
   206 | D        | Found a snail-covered altar of Cheibriados.
   206 | D        | Found a shadowy altar of Dithmenos.
   206 | D        | Found a white marble altar of Elyvilon.
   206 | D        | Found a blossoming altar of Fedhas.
   206 | D        | Found an opulent altar of Gozag.
   207 | D        | Found a hazy altar of Hepliaklqana.
   208 | D        | Found a viscous altar of Jiyva.
   209 | D        | Found an ancient bone altar of Kikubaaqudgha.
   210 | D        | Found a corrupted altar of Lugonu.
   211 | D        | Found a burning altar of Makhleb.
   212 | D        | Found a sparkling altar of Nemelex Xobeh.
   213 | D        | Found an iron altar of Okawaru.
   214 | D        | Found a stormy altar of Qazlal.
   215 | D        | Found a sacrificial altar of Ru.
   216 | D        | Found a shimmering blue altar of Sif Muna.
   217 | D        | Found a bloodstained altar of Trog.
   218 | D        | Found a hide-covered altar of Uskayaw.
   219 | D        | Found a radiant altar of Vehumet.
   220 | D        | Found an ornate altar of the Wu Jian Council.
   221 | D        | Found a shimmering altar of Xom.
   222 | D        | Found a basalt altar of Yredelemnul.
   223 | D        | Found a glowing silver altar of Zin.
   224 | D        | Found a glowing golden altar of the Shining One.
   263 | D        | Noticed an orc warrior
   267 | D        | Reached skill level 1 in Stealth
   269 | D        | Reached XP level 6. HP: 67/67 MP: 5/5
   272 | D        | Reached ***** piety under Trog
   273 | D        | Reached skill level 8 in Maces & Flails
   276 | D        | Killed an orc warrior
   332 | D        | Noticed a centaur warrior
   332 | D        | Noticed an ice beast
   332 | D        | Noticed a cyclops
   332 | D        | Noticed a shadow
   332 | D        | Noticed a gargoyle
   332 | D        | Noticed an orc warrior
   335 | D        | Killed an orc warrior
   336 | D        | Reached skill level 9 in Maces & Flails
   336 | D        | Reached XP level 7. HP: 78/78 MP: 6/6
   339 | D        | Killed a gargoyle
   340 | D        | Reached skill level 10 in Maces & Flails
   342 | D        | Killed a shadow
   348 | D        | Killed a cyclops
   349 | D        | Reached skill level 11 in Maces & Flails
   349 | D        | Reached XP level 8. HP: 45/88 MP: 7/7
   359 | D        | HP: 4/89 [centaur warrior (8)]
   360 | D        | Slain by a centaur warrior

Illustrated notes

Levels and vault maps discovered:
D:        linesprint [early_d, line_temple, items_1, d_10, items_2, lair_1,
          lair_end, items_3, orc_1, orc_end, items_4, d_15, swamp_1, shoals_1,
          snake_1, spider_1, d_20, vaults_1, items_5, swamp_end, shoals_end,
          snake_end, spider_end, vaults_end, d_27, items_6, zot_1, zot_end,
          crypt_end, forest_end, elf_end, slime_end, tomb_end, abyss_end,
          pan_hell_end]

Skill      XL: |  1  2  3  4  5  6  7 |
---------------+----------------------+-----
Maces & Flails | 5 6 7 9 11 | 11.6
Dodging        | 4 6 7 8 |  8.9
Fighting       | 4 5 6 7 8 |  8.4
Stealth        | 1 2 |  2.2

Action                   |  1- 3 |  4- 6 |  7- 9 || total
-------------------------+-------+-------+-------++-------
Melee: Mace              |    14 |    18 |       ||    32
       Morningstar       |       |    11 |    21 ||    32
Invok: Berserk           |     1 |     2 |       ||     3
  Use: Potion            |       |       |     1 ||     1
 Stab: Sleeping          |     1 |       |       ||     1
Armor: Animal skin       |     2 |     5 |     2 ||     9
Dodge: Dodged            |     8 |    20 |    11 ||    39

Table legend: (Time is in decaauts)
 A = Elapsed time spent in this place.
 B = Non-inter-level travel time spent in this place.
 C = Inter-level travel time spent in this place.
 D = Time resting spent in this place.
 E = Time spent auto-exploring this place.
 F = Levels seen in this place.
 G = Mean time per level.
                   A        B        C        D        E       F      G
               +--------+--------+--------+--------+--------+-----+--------+
         Total |    383 |    383 |      0 |    210 |      3 |   1 |  383.0 |
       Dungeon |    383 |    383 |      0 |    210 |      3 |   1 |  383.0 |
               +--------+--------+--------+--------+--------+-----+--------+

Top non-repeatable levels by time:
       D: 383 daAuts
